 Dungeon Crawl Stone Soup version 0.29.1-12-g30fa7ad0bf (webtiles) character file.

Game seed: 14173912736232770195

5513 fantasyman the Carver (level 10, -12/91 HPs)
             Began as a Minotaur Fighter on Dec 21, 2022.
             Was a High Priest of Okawaru.
             Killed from afar by Lodul (26 damage)
             ... with a bolt of lightning
             ... on level 10 of the Dungeon.
             The game lasted 00:13:42 (9593 turns).

fantasyman the Carver (Minotaur Fighter)            Turns: 9593, Time: 00:13:43

Health: -12/91     AC: 17    Str: 25    XL:     10   Next: 43%
Magic:  9/9        EV:  8    Int:  5    God:    Okawaru [*****.]
Gold:   222        SH:  6    Dex: 16    Spells: 9/9 levels left

rFire   . . .      SeeInvis +   t - +7 scimitar of Immorality {holy, rPois SInv}
rCold   + . .      Faith    .   c - +1 buckler
rNeg    . . .      Spirit   .   l - +0 chain mail
rPois   +          Reflect  .   (helmet unavailable)
rElec   .          Harm     .   v - +2 cloak {Will+}
rCorr   .          Rampage  .   (no gloves)
Will    +....                   (no boots)
Stlth   ..........              (no amulet)
HPRegen 0.25/turn               r - ring of see invisible
MPRegen 0.11/turn               D - +6 ring of dexterity

@: hasted, very quick
A: horns 3, retaliatory headbutt, iridescent scales 1, cold resistance 1
a: Renounce Religion, Heroism, Finesse, Duel


You were on level 10 of the Dungeon.
You worshipped Okawaru.
Okawaru was extremely pleased with you.
You visited 2 branches of the dungeon, and saw 11 of its levels.
You also visited: Ossuary.

You collected 534 gold pieces.
You spent 312 gold pieces at shops.

Inventory:

Hand Weapons
 t - the +7 scimitar of Immorality (weapon) {holy, rPois SInv}
   (You acquired it in an ossuary)

   It has been blessed by the Shining One to cause great damage to the undead
   and demons.
   rPois:     It protects you from poison.
   SInv:      It lets you see invisible.
Armour
 c - a +1 buckler (worn)
 l - a +0 chain mail (worn)
 v - a +2 cloak of willpower (worn)
Jewellery
 m - a ring of flight
 r - a ring of see invisible (left hand)
 D - a +6 ring of dexterity (right hand)
Wands
 b - a wand of flame (14)
 o - a wand of mindburst (26)
 C - a wand of iceblast (12)
Scrolls
 g - 2 scrolls of enchant weapon
 h - 2 scrolls of identify
 j - a scroll of amnesia
 n - 4 scrolls of poison
 p - 5 scrolls of noise
 s - a scroll of enchant armour
 y - 6 scrolls of teleportation
 z - a scroll of silence
 B - 2 scrolls of blinking
Potions
 a - 4 potions of flight
 d - 5 potions of might
 f - 4 potions of heal wounds
 i - 9 potions of curing
 k - 2 potions of brilliance
 q - 2 potions of ambrosia
 u - 3 potions of attraction
 x - 2 potions of lignification
 E - a potion of haste


   Skills:
 + Level 9.3 Fighting
 + Level 13.6 Long Blades
 + Level 10.3 Armour
 - Level 3.6 Shields


You had 9 spell levels left.
You didn't know any spells.
Your spell library contained the following spells:

 Spells                   Type           Power      Damage    Failure   Level
 Magic Dart               Conj           0%         1d3       98%         1
 Mephitic Cloud           Conj/Pois/Air  0%         N/A       100%        3
 Olgreb's Toxic Radiance  Pois           0%         N/A       100%        4
 Blade Hands              Tmut           0%         N/A       100%        5
 Irradiate                Conj/Tmut      0%         3d11      100%        5
 Dragon Form              Tmut           0%         N/A       100%        7
 Ozocubu's Refrigeration  Ice            0%         4d7       100%        7
 Ignition                 Fire           0%         3d3       100%        8
 Call Imp                 Summ           Unusable   N/A       N/A         2

Dungeon Overview and Level Annotations

Branches:
Dungeon (10/15)            Temple (1/1) D:4         Ossuary (visited)
   Lair: D:8-11         Orc: D:9-12

Altars:
Ashenzari
Cheibriados
Dithmenos
Elyvilon
Fedhas
Gozag
Hepliaklqana
Makhleb
Nemelex Xobeh
Okawaru
Qazlal
Ru
Sif Muna
Uskayaw
Vehumet
Wu Jian
Xom
Yredelemnul
Zin
The Shining One

Shops:
D:9 =!(((

Annotations:
D:10 Lodul


Innate Abilities, Weirdness & Mutations

You have a pair of large horns on your head.
You reflexively headbutt those who attack you in melee.
You are partially covered in iridescent scales. (AC +2)
Your flesh is cold resistant. (rC+)


Message History

The ogre hits you with a +0 giant club!!
You slice the ogre!!
You kill the ogre!
Okawaru accepts your kill.
You slice the ogre!! You headbutt the ogre!
You kill the ogre!
Okawaru accepts your kill.
You hit the ogre.
You headbutt the ogre, but do no damage.
The ogre is lightly wounded.
You block the ogre's attack.
You feel yourself speed up.
You hit the ogre.
The ogre is lightly wounded.
The ogre hits you with a +0 giant club!!
You slash the ogre! You headbutt the ogre!
The ogre is severely wounded.
You slice the ogre!!
You kill the ogre!
Okawaru accepts your kill. You block the ogre's attack.
Lodul hits you with a +0 dire flail.
Items here: )))) †.
You hit Lodul but do no damage. You hit Lodul.
Lodul is lightly wounded.
Lodul hits you with a +0 dire flail. The ogre closely misses you.
You furiously retaliate!
You headbutt the ogre! You completely miss Lodul. You headbutt Lodul!
Lodul is lightly wounded.
You barely miss Lodul.
Lodul is lightly wounded.
You hit Lodul.
Lodul is moderately wounded.
Lodul hits you with a +0 dire flail!!
* * * LOW HITPOINT WARNING * * *
You block the ogre's attack.
Lodul lets out a whooping war cry.
Electricity crackles from Lodul's apparatus.
The bolt of lightning hits you!!
You die...

#.###.......# ...
##.#.##O##### #.#
##.###.#######.#
###.###.........#
#.......#######'##
#.#.###.## ##...##
#.#......# ##.....##
#.#......###.......## #
#.#....@.##.........####
#.#.......'.........'...
#........##.........####
#####..#####.......## #
##...# ##.....## ###.#
##.).## #.# ##)## #.#
##.##### #.# #......##


You could see Lodul.

Vanquished Creatures
  A kobold demonologist (D:9)
  A troll (D:7)
  Prince Ribbit (D:9)
  2 shadows
  A wyvern (D:9)
  2 wraiths
  4 steam dragons
  Menkaure (Ossuary)
  Edmund (D:6)
  3 water moccasins
  2 ice beasts (D:6)
  A sky beast (D:7)
  6 ogres (D:10)
  3 centaurs
  2 bullfrogs
  4 kobold brigands
  5 wights (D:7)
  12 killer bees
  5 howler monkeys
  2 hounds
  2 jellies
  2 gnoll boudas (D:9)
  2 orc priests
  Crazy Yiuf (D:2)
  An iguana (D:7)
  An orc wizard (D:8)
  3 mummies (Ossuary)
  13 gnolls
  2 adders
  A shadow imp (D:5)
  A white imp (D:6)
  20 orcs
  5 endoplasms
  2 giant cockroaches
  5 goblins
  3 hobgoblins
  2 jackals (D:5)
  15 kobolds
  2 quokkas
  5 ball pythons
  8 bats
  8 gnoll skeletons (Ossuary)
  6 gnoll zombies (Ossuary)
  2 goblin skeletons (Ossuary)
  5 goblin zombies (Ossuary)
  5 hobgoblin skeletons (Ossuary)
  3 hobgoblin zombies (Ossuary)
  3 kobold skeletons (Ossuary)
  4 kobold zombies (Ossuary)
  3 orc zombies (Ossuary)
  7 rats
  7 rat skeletons (Ossuary)
  4 rat zombies (Ossuary)
212 creatures vanquished.

Notes
Turn   | Place    | Note
-------+----------+-------------------------------------------
     0 | D:1      | fantasyman the Minotaur Fighter began the quest for the
                  | Orb.
     0 | D:1      | Reached XP level 1. HP: 19/19 MP: 0/0
   178 | D:1      | Reached XP level 2. HP: 27/27 MP: 1/1
   416 | D:1      | Found a faded altar of an unknown god.
  1337 | D:2      | Reached skill level 3 in Long Blades
  1557 | D:2      | Reached XP level 3. HP: 31/33 MP: 2/2
  1691 | D:2      | Found a runed translucent door.
  1692 | D:2      | Noticed Crazy Yiuf
  1737 | D:2      | Killed Crazy Yiuf
  2420 | D:3      | Found a sparkling altar of Nemelex Xobeh.
  2571 | D:3      | Found a blossoming altar of Fedhas.
  2654 | D:3      | Identified the +3 leather armour of Umentapu {rC- Will++
                  | Int+4 Dex-3}
  2793 | D:4      | Reached XP level 4. HP: 41/41 MP: 3/3
  2842 | D:4      | Reached skill level 4 in Long Blades
  3033 | D:4      | Reached skill level 5 in Armour
  3082 | D:4      | Found a shadowy altar of Dithmenos.
  3148 | D:4      | Found a staircase to the Ecumenical Temple.
  3159 | Temple   | Entered the Ecumenical Temple
  3180 | Temple   | Became a worshipper of Warmaster Okawaru
  3282 | D:4      | Found an ornate altar of the Wu Jian Council.
  3332 | D:4      | Found a white marble altar of Elyvilon.
  3354 | D:4      | Reached XP level 5. HP: 44/47 MP: 4/4
  3672 | D:5      | Entered Level 5 of the Dungeon
  4510 | D:6      | Noticed a water moccasin
  4523 | D:6      | Killed a water moccasin
  4524 | D:6      | Reached skill level 5 in Long Blades
  4524 | D:6      | Reached XP level 6. HP: 28/55 MP: 5/5
  4571 | D:6      | Noticed an ice beast
  4580 | D:6      | Killed an ice beast
  4717 | D:6      | Found a sand-covered staircase.
  4724 | D:6      | Noticed Edmund
  4724 | D:6      | Noticed an ice beast
  4727 | Ossuary  | Entered an ossuary
  4888 | Ossuary  | Reached skill level 5 in Fighting
  4985 | Ossuary  | Identified a scroll of acquirement
  4985 | Ossuary  | Acquired the +7 scimitar of Immorality {holy, rPois SInv}
  5048 | Ossuary  | Reached skill level 6 in Long Blades
  5056 | Ossuary  | Noticed Menkaure
  5060 | Ossuary  | Killed Menkaure
  5060 | Ossuary  | Reached * piety under Okawaru
  5061 | Ossuary  | Reached XP level 7. HP: 61/61 MP: 6/6
  5141 | D:6      | Killed Edmund
  5142 | D:6      | Reached skill level 7 in Long Blades
  5565 | D:6      | Found an opulent altar of Gozag.
  5654 | D:6      | Found a radiant altar of Vehumet.
  5699 | D:6      | Reached skill level 8 in Long Blades
  5757 | D:6      | Found a sacrificial altar of Ru.
  6049 | D:7      | Noticed a steam dragon
  6058 | D:7      | Killed a steam dragon
  6058 | D:7      | Reached ** piety under Okawaru
  6190 | D:7      | Reached XP level 8. HP: 70/70 MP: 7/7
  6264 | D:7      | Reached skill level 9 in Long Blades
  6528 | D:7      | Reached skill level 10 in Long Blades
  6684 | D:7      | Noticed a troll
  6691 | D:7      | Killed a troll
  6752 | D:7      | Reached *** piety under Okawaru
  6753 | D:7      | Reached XP level 9. HP: 73/79 MP: 8/8
  7263 | D:8      | Reached skill level 11 in Long Blades
  7519 | D:8      | Found a shimmering blue altar of Sif Muna.
  8023 | D:8      | Reached **** piety under Okawaru
  8024 | D:8      | Reached skill level 12 in Long Blades
  8297 | D:8      | Found a burning altar of Makhleb.
  8606 | D:9      | Found Doukala's Antique Weapon Emporium.
  8638 | D:9      | Found Ali Fudi's Distillery.
  8650 | D:9      | Gained mutation: Your magical capacity is low. (-10% MP)
                  | [potion of mutation]
  8650 | D:9      | Gained mutation: You have large cloven feet. [potion of
                  | mutation]
  8650 | D:9      | Gained mutation: You have hidden genetic defects. [potion
                  | of mutation]
  8651 | D:9      | Bought a potion of mutation for 104 gold pieces
  8651 | D:9      | Bought a potion of mutation for 104 gold pieces
  8651 | D:9      | Bought a potion of mutation for 104 gold pieces
  8651 | D:9      | Found Hiakkak's Weapon Shoppe.
  8729 | D:9      | Noticed a kobold demonologist
  8731 | D:9      | Noticed an ice devil
  8747 | D:9      | Killed a kobold demonologist
  8753 | D:9      | Gained mutation: You are dopey. (Int -2) [hidden defects]
  8756 | D:9      | Reached XP level 10. HP: 82/90 MP: 8/8
  8813 | D:9      | Found Eseam's Jewellery Shop.
  8845 | D:9      | Found a shimmering altar of Xom.
  8869 | D:9      | Gained mutation: Armour fits poorly on your strangely
                  | shaped body. [hidden defects]
  8869 | D:9      | Lost mutation: You have hidden genetic defects. [hidden
                  | defects expressed]
  8921 | D:9      | Lost mutation: Your magical capacity is low. (-10% MP)
                  | [potion of mutation]
  8921 | D:9      | Lost mutation: Armour fits poorly on your strangely shaped
                  | body. [potion of mutation]
  8921 | D:9      | Gained mutation: You occasionally lose the ability to read
                  | scrolls when taking damage. [potion of mutation]
  8921 | D:9      | Gained mutation: You are agile. (Dex +4, Str/Int -1)
                  | [potion of mutation]
  8975 | D:9      | Noticed Prince Ribbit
  8979 | D:9      | Reached skill level 13 in Long Blades
  8983 | D:9      | Killed Prince Ribbit
  8984 | D:9      | Reached skill level 10 in Armour
  9054 | D:9      | Found Ixugingo's Antique Weapon Emporium.
  9057 | D:9      | Lost mutation: You are dopey. (Int -2) [potion of mutation]
  9057 | D:9      | Lost mutation: You occasionally lose the ability to read
                  | scrolls when taking damage. [potion of mutation]
  9057 | D:9      | Lost mutation: You are agile. (Dex +4, Str/Int -1) [potion
                  | of mutation]
  9057 | D:9      | Gained mutation: You occasionally lose the ability to read
                  | scrolls when taking damage. [potion of mutation]
  9057 | D:9      | Gained mutation: Your flesh is cold resistant. (rC+)
                  | [potion of mutation]
  9058 | D:9      | Lost mutation: You occasionally lose the ability to read
                  | scrolls when taking damage. [potion of mutation]
  9058 | D:9      | Lost mutation: You have large cloven feet. [potion of
                  | mutation]
  9058 | D:9      | Gained mutation: You have a pair of large horns on your
                  | head. [potion of mutation]
  9058 | D:9      | Gained mutation: You are partially covered in iridescent
                  | scales. (AC +2) [potion of mutation]
  9335 | D:10     | Entered Level 10 of the Dungeon
  9341 | D:10     | Reached ***** piety under Okawaru
  9562 | D:10     | Noticed Lodul
  9593 | D:10     | Killed from afar by Lodul

Illustrated notes

Levels and vault maps discovered:
D:1:      wheals_arrival_linesprint, layout_basic,
          hellmonk_ecumenical_altar_run_dry, hex_tiny, minmay_octomino_e4
D:2:      layout_rooms, uniq_crazy_yiuf_cottage
D:3:      layout_loops_ring, general_overflow_altar, lemuel_doored_altar
D:4:      layout_cave_pools, pdpol_wu_jian_five_deadly_venoms, kennysheep_mini,
          elyvilon_altar_3, minmay_temple_entry_antechambers
D:5:      layout_loops_corners, solitary_fountain
D:6:      layout_basic, overflow_temple_1_default, mainiacjoe_overflow_alcove_4,
          overflow_temple_1_default, nicolae_ossuary_entry_monument,
          hangedman_decor_push, uniq_edmund
D:7:      layout_basic
D:8:      layout_basic, mainiacjoe_overflow_surrounded_room,
          mainiacjoe_overflow_catwalk, minmay_misc_feat_square
D:9:      layout_stronghold, mainiacjoe_overflow_concentric_impassable,
          serial_shops, shop, shop_statue, nicolae_shop_bloodbath_and_beyond,
          nicolae_shop_behind_doors, shop, uniq_prince_ribbit1
D:10:     layout_loops_corners, dpeg_lair_monsters, uniq_psyche, uniq_lodul
Temple:   chequers_temple_sunken

Skill      XL: |  1  2  3  4  5  6  7  8  9 10 |
---------------+-------------------------------+-----
Armour         | 4 5 6 8 9 10 | 10.3
Fighting       | 4 5 7 8 9 |  9.3
Long Blades    | 3 4 5 6 8 10 12 13 | 13.6
Shields        | |  3.6

Action                   |  1- 3 |  4- 6 |  7- 9 | 10-12 || total
-------------------------+-------+-------+-------+-------++-------
Melee: Long sword        |    76 |   153 |       |       ||   229
       Headbutt          |    12 |    26 |    37 |    12 ||    87
       Scimitar          |       |    21 |   213 |    74 ||   308
       Kick              |       |       |       |     4 ||     4
  Use: Scroll            |    10 |     4 |     7 |       ||    21
       Potion            |       |       |     2 |     4 ||     6
Armor: Scale mail        |    37 |       |       |       ||    37
       Chain mail        |     1 |    78 |   147 |    27 ||   253
Dodge: Dodged            |    42 |    50 |    88 |    32 ||   212
Block: Buckler           |    19 |    36 |    54 |    21 ||   130
